 Dungeon Crawl Stone Soup version 0.27-a0-808-g60bc5d92e6 (webtiles) character file.

Game seed: 1753304894101072000

777 funkygono the Magician (level 7, -2/45 HPs)
             Began as a Djinni Fire Elementalist on Mar 28, 2021.
             Killed from afar by Dowan (11 damage)
             ... with a stone arrow
             ... on level 4 of the Dungeon.
             The game lasted 00:07:39 (4362 turns).

funkygono the Magician (Djinni Fire Elementalist)   Turns: 4362, Time: 00:07:40

Health: -2/45      AC:  3    Str: 11    XL:     7   Next: 84%
Gold:   141        EV: 13    Int: 18    God:
                   SH:  0    Dex: 14

rFire    + + .     SeeInvis .   l - +1 whip of Qoddepog {antimagic, rC+ rN+ Str+4}
rCold    . . .     Faith    .   (no shield)
rNeg     + . .     Spirit   .   a - +0 robe
rPois    ∞         Reflect  .   h - +0 helmet
rElec    .         Harm     .   (no cloak)
rCorr    .         Rampage  .   (no gloves)
Will     .....                  (boots unavailable)
Stlth    ++........             (no amulet)
HPRegen  0.15/turn              (no ring)
MPRegen  0.00/turn              (no ring)

@: flying
A: fire resistance 2, cold vulnerability 1, float, innate caster, hp casting,
extra vitality 1
a: no special abilities


You were on level 4 of the Dungeon.
You visited 1 branch of the dungeon, and saw 4 of its levels.

You collected 141 gold pieces.

Inventory:

Hand Weapons
 f - a +0 falchion
 j - a +2 dagger of chaos
 l - the +1 whip of Qoddepog (weapon) {antimagic, rC+ rN+ Str+4}
   (You found it on level 4 of the Dungeon)

   It reduces the magical energy of the wielder, and disrupts the spells and
   magical abilities of those hit.
   Natural abilities and divine invocations are not affected.
   It affects your strength (+4).
   It protects you from cold.
   It protects you from negative energy.
Armour
 a - a +0 robe (worn)
 d - a +0 ring mail
 h - a +0 helmet (worn)
 o - a +0 leather armour
Wands
 p - a wand of flame (17)
Scrolls
 b - a scroll of magic mapping
 e - a scroll of identify {unknown}
 n - a scroll of blinking
Potions
 c - a potion of might {unknown}
 g - a potion of curing
 i - a potion of lignification {unknown}
 k - 2 potions of flight
 m - 2 potions of cancellation {unknown}


   Skills:
 + Level 0.2 Fighting
 * Level 3.5 Dodging
 - Level 1.5 Stealth
 * Level 7.3 Spellcasting


You couldn't memorise any spells.
You knew the following spells:

 Your Spells              Type           Power      Damage    Failure   Level
a - Foxfire               Conj/Fire      100%       2x1d9     1%          1
b - Conjure Flame         Conj/Fire      32%        6-21      1%          3
c - Inner Flame           Hex/Fire       32%        N/A       1%          3
d - Sticky Flame          Conj/Fire      32%        2d5       5%          4
e - Fireball              Conj/Fire      16%        3d8       14%         5
f - Shock                 Conj/Air       100%       1d9       1%          1
g - Searing Ray           Conj           64%        3d5       1%          2
h - Passwall              Tmut/Erth      26%        N/A       1%          2
Your spell library was empty.

Dungeon Overview and Level Annotations

Branches:
Dungeon (4/15)
 Temple: D:4-7

Altars:
Gozag
Makhleb
Ru
Xom
Zin

Shops:
D:2 [   D:3 (

Annotations:
D:4 Dowan


Innate Abilities, Weirdness & Mutations

You are immune to poison.
Your flesh is very heat resistant. (rF++)
You are vulnerable to cold. (rC-)
You float through the air rather than walking.
You learn spells naturally, not from books.
Your magical power is your life essence.
You have superior vitality. (+4 HP)


Message History

You kill Duvessa!
Dowan screams, "No!
Oh no!"
Dowan seems to find hidden reserves of power!
The foxfire hits Dowan.
Dowan resists.
Dowan is lightly wounded.
It was a potion of flight.
You feel more buoyant.
The foxfire hits Dowan but does no damage.
Dowan is lightly wounded.
The foxfire hits Dowan.
Dowan resists.
Dowan is lightly wounded.
The foxfire hits Dowan.
Dowan resists.
Dowan is lightly wounded.
Dowan shakes with grief.
Dowan misses you. Dowan barely misses you.
It was a potion of curing.
You feel better. Dowan hits you with a +0 dagger.
Casting: Foxfire (safe; 1% risk of failure)
Confirm with . or Enter, or press ? or * to list all spells.
You conjure some foxfire!
Dowan hits you but does no damage. Dowan barely misses you.
Casting: Foxfire (safe; 1% risk of failure)
Confirm with . or Enter, or press ? or * to list all spells.
Aiming: Sticky Flame (dangerous; 5% risk of failure)
Press: ? - help, Shift-Dir - straight line, f - Dowan
Aim: Dowan, wielding a +0 dagger and wearing a +0 robe (lightly wounded, fast, unusually resistant, ally target, 0% to evade)
The sticky flame hits Dowan.
Dowan resists.
Dowan is moderately wounded.
Dowan is covered in liquid flames!
* * * LOW HITPOINT WARNING * * *
Dowan burns!
The foxfire hits Dowan.
Dowan resists.
Dowan is heavily wounded.
The foxfire hits Dowan.
Dowan resists.
Dowan is heavily wounded.
Dowan hits you with a +0 dagger.
* * * LOW HITPOINT WARNING * * *
Dowan burns!
Dowan says, "Her death will not be in vain!"
Dowan gestures at you while chanting. The stone arrow hits you!
You die...

#.......... #..........
#..........
#######..........
#................
#................
#................
#................
#.......@........
#.......§$.......
######.......§)e......
##.....................
###......................
.........................
.........................
.........................
.........................


You could see Dowan (fast, resistant, burning).

Vanquished Creatures
  Sigmund (D:3)
  Edmund (D:4)
  Duvessa (D:4)
  Purgy (D:4)
  An ogre (D:4)
  A crimson imp (D:4)
  An iguana (D:2)
  A hound skeleton (D:4)
  Robin (D:2)
  5 adders
  A howler monkey skeleton (D:4)
  An ufetubus (D:4)
  A worm (D:2)
  2 dart slugs
  7 orcs
  8 endoplasms
  A giant cockroach (D:2)
  18 goblins
  7 hobgoblins
  3 jackals (D:3)
  3 kobolds
  4 quokkas
  4 ball pythons
  3 bats
  2 frilled lizards (D:3)
  A rat (D:1)
80 creatures vanquished.

Vanquished Creatures (others)
  289 foxfires
289 creatures vanquished.

Grand Total: 369 creatures vanquished

Notes
Turn   | Place    | Note
-------+----------+-------------------------------------------
     0 | D:1      | funkygono the Djinni Fire Elementalist began the quest for
                  | the Orb.
     0 | D:1      | Reached XP level 1. HP: 15/15 MP: 0/0
   279 | D:1      | Reached skill level 3 in Spellcasting
   344 | D:1      | Reached XP level 2. HP: 19/21 MP: 0/0
  1110 | D:2      | Found Puuf's Armour Shop.
  1262 | D:2      | Reached XP level 3. HP: 17/25 MP: 0/0
  1262 | D:2      | Learned a level 1 spell: Shock
  1466 | D:2      | Reached skill level 4 in Spellcasting
  1467 | D:2      | Reached XP level 4. HP: 26/31 MP: 0/0
  1476 | D:2      | Noticed Robin
  1483 | D:2      | Killed Robin
  1947 | D:2      | Found a sacrificial altar of Ru.
  1947 | D:2      | Found a glowing silver altar of Zin.
  2549 | D:3      | Found Ysui's Antique Weapon Boutique.
  2584 | D:3      | Noticed Sigmund
  2591 | D:3      | Killed Sigmund
  2592 | D:3      | Reached skill level 5 in Spellcasting
  2592 | D:3      | Reached XP level 5. HP: 28/35 MP: 0/0
  2592 | D:3      | Learned a level 2 spell: Searing Ray
  2592 | D:3      | Reached XP level 6. HP: 32/40 MP: 0/0
  2895 | D:3      | Found an opulent altar of Gozag.
  3338 | D:4      | Found a burning altar of Makhleb.
  3338 | D:4      | Found a shimmering altar of Xom.
  3630 | D:4      | Reached skill level 6 in Spellcasting
  3674 | D:4      | Identified the +1 whip of Qoddepog {antimagic, rC+ rN+
                  | Str+4}
  3766 | D:4      | Reached XP level 7. HP: 9/45 MP: 0/0
  3766 | D:4      | Learned a level 2 spell: Passwall
  4106 | D:4      | Noticed Purgy
  4113 | D:4      | Killed Purgy
  4178 | D:4      | Noticed Edmund
  4196 | D:4      | Killed Edmund
  4197 | D:4      | Reached skill level 7 in Spellcasting
  4348 | D:4      | Noticed Duvessa
  4348 | D:4      | Noticed Dowan
  4357 | D:4      | Killed Duvessa
  4362 | D:4      | Killed from afar by Dowan

Illustrated notes

Levels and vault maps discovered:
D:1:      kilobyte_arrival_exit_the_forest, layout_loops_ring,
          minmay_misc_feat_rows
D:2:      layout_loops_cross, gammafunk_temple_overflow_wave, serial_shops,
          nicolae_shop_crystal, uniq_robin
D:3:      layout_basic, nicolae_overflow_hidden_temple, serial_shops,
          nicolae_shop_stone, uniq_sigmund
D:4:      layout_gridville, grunt_temple_overflow_champion_of_chaos,
          grunt_ministairs_4, uniq_edmund, uniq_purgy, uniq_duvessa

Skill      XL: |  1  2  3  4  5  6  7 |
---------------+----------------------+-----
Spellcasting   | 3 4 5 6 7 |  7.3
Dodging        | 3 |  3.5
Fighting       | |  0.2
Stealth        | |  1.5

Action                   |  1- 3 |  4- 6 |  7- 9 || total
-------------------------+-------+-------+-------++-------
Melee: Dagger            |     2 |       |       ||     2
       Falchion          |       |    10 |       ||    10
 Cast: Foxfire           |    50 |    86 |    29 ||   165
       Shock             |       |     5 |       ||     5
       Sticky Flame      |       |     1 |     4 ||     5
       Inner Flame       |       |     1 |       ||     1
  Use: Scroll            |     2 |     6 |       ||     8
       Potion            |       |       |     2 ||     2
Armor: Robe              |       |     1 |     2 ||     3
Dodge: Dodged            |     3 |    14 |     4 ||    21
       Rpst.: Falchion   |       |     3 |       ||     3

Table legend: (Time is in decaauts)
 A = Elapsed time spent in this place.
 B = Non-inter-level travel time spent in this place.
 C = Inter-level travel time spent in this place.
 D = Time resting spent in this place.
 E = Time spent auto-exploring this place.
 F = Levels seen in this place.
 G = Mean time per level.
                   A        B        C        D        E       F      G
               +--------+--------+--------+--------+--------+-----+--------+
         Total |   4363 |   4315 |     48 |      0 |   3826 |   4 | 1090.8 |
       Dungeon |   4363 |   4315 |     48 |      0 |   3826 |   4 | 1090.8 |
               +--------+--------+--------+--------+--------+-----+--------+

Top non-repeatable levels by time:
     D:2: 1247 daAuts
     D:4: 1198 daAuts
     D:1: 1094 daAuts
     D:3: 823 daAuts
